 Dungeon Crawl Stone Soup version 0.30-a0-219-gf2db51d15e (webtiles) character file.

Game seed: 5025466252700506000

0 Flugkiller the Slasher (level 1, -12/19 HPs)
             Began as a Meteoran Chaos Knight on Oct 6, 2022.
             Was a Plaything of Xom.
             Mangled by a bunyip (glowing shapeshifter) (29 damage)
             ... on level 1 of the Dungeon.
             The game lasted 00:00:30 (79 turns).

Flugkiller the Slasher (Meteoran Chaos Knight)        Turns: 79, Time: 00:00:31

Health: -12/19     AC:  5    Str: 13    XL:     1   Next: 14%
Magic:  2/2        EV: 11    Int: 13    God:    Xom [..*...]
Gold:   0          SH:  0    Dex: 13    Spells: 0/0 levels left

rFire   . . .      SeeInvis .    a - +0 falchion (chaos)
rCold   . . .      Faith    .    (no shield)
rNeg    . . .      Spirit   .    b - +2 leather armour
rPois   .          Reflect  .    (no helmet)
rElec   .          Harm     .    (no cloak)
rCorr   .          Rampage  .    (no gloves)
Will    .....                    (no boots)
Stlth   +.........               (no amulet)
HPRegen 0.23/turn                (no ring)
MPRegen 0.08/turn                (no ring)

@: glowing
A: sense surroundings 1, otherworldly, glowing, explore regen
a: Renounce Religion


You were on level 1 of the Dungeon.
You worshipped Xom.
You were a toy of Xom.
You visited 1 branch of the dungeon, and saw 1 of its levels.

Inventory:

Hand Weapons
 a - a +0 falchion of chaos (weapon)
Armour
 b - a +2 leather armour (worn)
Scrolls
 e - a scroll of identify {unknown}
Potions
 d - a potion of haste {unknown}
Miscellaneous
 c - a piece from Xom's chessboard (15/15) (quivered)


   Skills:
 - Level 3.2 Fighting
 + Level 3.7 Long Blades
 - Level 2.4 Armour
 - Level 1.2 Dodging


You couldn't memorise any spells.
You didn't know any spells.
Your spell library was empty.

Dungeon Overview and Level Annotations

Branches:
Dungeon (1/15) Zot: 520

Altars:


Innate Abilities, Weirdness & Mutations

You passively map a small area around you.
You are easily found by Zot.
You glow in the dark.
You regain HP and MP as you explore.


Message History

Welcome, Flugkiller the Meteoran Chaos Knight.
You feel drawn to the Orb of Zot, downwards into the unfathomable depths...
Xom says: A new plaything!
Press ? for a list of commands and other information.
Found a staircase leading out of the dungeon.
Found a fuming orange potion.
d - a fuming orange potion
Found a stone staircase leading down.
Found a scroll labelled VIABRUKANK.
A kobold comes into view. It is wielding a +0 short sword.
You hit the kobold.
You kill the kobold!
No target in view!
e - a scroll labelled VIABRUKANK
Things that are here:
a +0 short sword; a kobold corpse
Found a whip.
You see here a +0 whip.
A hobgoblin comes into view.
The hobgoblin shouts!
You hear a shout! x2
A giant cockroach comes into view.
The hobgoblin moves out of view.
A rat comes into view.
A goblin comes into view. It is wielding a +0 dagger.
The goblin shouts!
You hit the giant cockroach. You burn the giant cockroach.
The giant cockroach is heavily wounded.
The giant cockroach bites you but does no damage.
A hobgoblin comes into view.
The hobgoblin shouts!
You hit the giant cockroach but do no damage.
The giant cockroach changes into a glowing shapeshifter!
Xom roars with laughter!
The glowing shapeshifter is lightly wounded.
The glowing shapeshifter changes into an orb spider!
The hobgoblin misses you.
You hit the orb spider. You burn the orb spider.
The orb spider is lightly wounded.
The orb spider changes into a two-headed ogre!
The hobgoblin hits you but does no damage.
You hit the two-headed ogre but do no damage.
The hobgoblin barely misses you.
The two-headed ogre hits you but does no damage.
The two-headed ogre hits you.
The two-headed ogre changes into a bunyip!
The hobgoblin hits you but does no damage.
The rat attacks as you move away! The rat bites you but does no damage.
The rat attacks as you move away! The rat barely misses you.
The bunyip attacks as you move away! The bunyip claws you!!
Ouch! That really hurt!
You die...
Xom chuckles heartily!

, #........., #... ##.
#........, , #..# ##.. *
##........ *##..#* #... ,
.......#.# * ##..# *#....
.........### ##..# ##.....
...........# #..##
##...... ...........###.##
##......# ...###...r.##..#
##......#
.........x@.#.####......#
........ggg........)...##
*
...........##.####......##
.......######..#
##......## ,,....... ##.##
##......# ....... #.)#
##...... , ....... *##..#
##..... , ....... ##..#*
##.... , , , * #..# ##...


You could see a bunyip shaped shifter, 2 hobgoblins, a goblin and a rat.

Vanquished Creatures
  A kobold (D:1)
1 creature vanquished.

Notes
Turn   | Place    | Note
-------+----------+-------------------------------------------
     0 | D:1      | Flugkiller the Meteoran Chaos Knight began the quest for
                  | the Orb.
     0 | D:1      | Reached XP level 1. HP: 19/19 MP: 2/2
    73 | D:1      | a giant cockroach changed into a glowing shapeshifter
    73 | D:1      | Noticed a glowing shapeshifter (glowing shapeshifter)
    73 | D:1      | a glowing shapeshifter changed into an orb spider
    73 | D:1      | Noticed an orb spider (glowing shapeshifter)
    74 | D:1      | an orb spider changed into a two-headed ogre
    74 | D:1      | Noticed a two-headed ogre (glowing shapeshifter)
    76 | D:1      | a two-headed ogre changed into a bunyip
    76 | D:1      | Noticed a bunyip (glowing shapeshifter)
    79 | D:1      | Mangled by a bunyip (glowing shapeshifter)

Illustrated notes

Levels and vault maps discovered:
D:1:      dpeg_arrival_central, layout_basic, shapermc_ecumenical_altar_pompeii,
          moated_statue

Action                   || total
-------------------------++-------
Melee: Falchion          ||     5
Armor: Leather armour    ||     5
Dodge: Dodged            ||     3

Table legend: (Time is in decaauts)
 A = Elapsed time spent in this place.
 B = Non-inter-level travel time spent in this place.
 C = Inter-level travel time spent in this place.
 D = Time resting spent in this place.
 E = Time spent auto-exploring this place.
 F = Levels seen in this place.
 G = Mean time per level.
                   A        B        C        D        E       F      G
               +--------+--------+--------+--------+--------+-----+--------+
         Total |     79 |     79 |      0 |      0 |      0 |   1 |   79.0 |
       Dungeon |     79 |     79 |      0 |      0 |      0 |   1 |   79.0 |
               +--------+--------+--------+--------+--------+-----+--------+

Top non-repeatable levels by time:
     D:1: 79 daAuts
